 Dungeon Crawl Stone Soup version 0.31.0-10-gcf4a605ca0 (webtiles) character file.

Game seed: 4126895524489790855

70 solopath the Ruffian (level 4, -1/44 HPs)
             Began as a Troll Fighter on Jan 26, 2024.
             Was a Follower of Qazlal.
             Slain by an orc
             ... wielding a +2 heavy flail
              (12 damage)
             ... on level 2 of the Dungeon.
             The game lasted 00:01:50 (1168 turns).

solopath the Ruffian (Troll Fighter)                Turns: 1168, Time: 00:01:50

Health: -1/44      AC:  4    Str: 24    XL:     4   Next: 3%
Magic:  3/3        EV:  8    Int:  6    God:    Qazlal [*.....]
Gold:   69         SH:  9    Dex:  9    Spells: 3/3 levels left

rFire   . .          .
                       - Unarmed
rCold   . . .        b - +0 kite shield
rNeg    . . .        a - +0 robe
rPois   .            (helmet restricted)
rElec   .            (no cloak)
rCorr   .            (gloves unavailable)
SInv    .            (boots unavailable)
Will    +....        (no amulet)
Stlth   +            (no ring)
HPRegen 1.07/turn    (no ring)
MPRegen 0.08/turn

%: no passive effects
@: enlightened, flying
A: large, unfitting armour, claws 3, regeneration 1, shaggy fur 1, tough skin 1
a: Renounce Religion


You were on level 2 of the Dungeon.
You worshipped Qazlal.
Qazlal was aware of your devotion.
You visited 1 branch of the dungeon, and saw 3 of its levels.

You collected 69 gold pieces.

Inventory:

Armour
 a - a +0 robe (worn)
 b - a +0 kite shield (worn)
Scrolls
 c - 2 scrolls of teleportation {unknown}
 d - a scroll of silence {unknown}
 e - a scroll of enchant weapon {unknown}
 h - 2 scrolls of identify {unknown}
 i - 2 scrolls of blinking {unknown}
 k - a scroll of poison {unknown}
Potions
 g - a potion of brilliance {unknown}


   Skills:
 + Level 2.9 Fighting
 - Level 2.4 Dodging
 + Level 3.2 Shields
 * Level 3.4 Unarmed Combat


You had 3 spell levels left.
You didn't know any spells.
Your spell library was empty.

Dungeon Overview and Level Annotations

Branches:
Dungeon (3/15)

Altars:
Qazlal


Innate Abilities, Weirdness & Mutations

You are too large for most types of armour.
You have claws for hands.
Your natural rate of healing is unusually fast.
You are covered in fur. (AC +1)
You have tough skin. (AC +1)


Message History

You are too confused!
The orc hits you with a +2 heavy flail! The orc hits you with a +0 short sword.
You bump into the rock wall.
Something hits you but does no damage. The orc hits you with a +0 short sword.
The orc hits you with a +2 heavy flail.
You bump into the rock wall.
Something hits you but does no damage. The orc closely misses you.
It was a potion of enlightenment.
You feel very buoyant.
You fly up into the air.
The orc closely misses you. Something hits you but does no damage.
The orc hits you but does no damage.
It was a potion of heal wounds.
You feel much better.
You feel less confused. Something hits you. You block the orc's attack. x2
You closely miss something. Something hits you but does no damage.
The orc hits you but does no damage.
You closely miss something. You block the orc's attack.
You hear some strange, mumbled words.
A magic dart appears from out of thin air!
The magic dart hits you. The orc hits you but does no damage.
You claw something!
You hear some strange, mumbled words.
A puff of flame appears from out of thin air!
The puff of flame hits you! You block the orc's attack. x2
You barely miss something. Something hits you.
The orc hits you with a +0 short sword. The orc barely misses you.
Something hits you but does no damage.
You miss something. You block the orc's attack. Something hits you.
The orc hits you with a +0 short sword.
You closely miss something. You block the orc's attack. Something hits you.
The orc hits you with a +0 short sword.
You barely miss something. The orc hits you with a +2 heavy flail!
* * * LOW HITPOINT WARNING * * *
Something hits you.
* * * LOW HITPOINT WARNING * * *
The orc barely misses you.
You scratch something. Something hits you.
* * * LOW HITPOINT WARNING * * *
The orc hits you but does no damage.
You barely miss something. The orc hits you with a +2 heavy flail!
You die...

#.....# #.##..###
#.......#
##########.......#
......)..........#
##########.......#
# #.......# #
#.....oo#
##########.....{@#
...............###
########.###..##
#######.## ##.###
>.......# #...#
#######.## ##.#.#
# ##.###.##.#
##...###.# #####
##.## #.#


You could see 2 orcs.

Vanquished Creatures
  2 ribbon worms (D:2)
  An orc (D:3)
  8 endoplasms
  4 giant cockroaches
  5 goblins
  6 hobgoblins
  4 jackals (D:1)
  5 kobolds
  5 quokkas
  4 ball pythons
  4 bats
  4 frilled lizards
  3 rats (D:1)
55 creatures vanquished.

Notes
Turn   | Place    | Note
-------+----------+-------------------------------------------
     0 | D:1      | solopath the Troll Fighter began the quest for the Orb.
     0 | D:1      | Reached XP level 1. HP: 22/22 MP: 0/0
   133 | D:1      | Reached XP level 2. HP: 28/29 MP: 1/1
   220 | D:1      | Reached XP level 3. HP: 36/36 MP: 2/2
   227 | D:1      | Found a faded altar of an unknown god.
   306 | D:1      | Prayed at the altar of an unknown god.
   306 | D:1      | Became a worshipper of Qazlal Stormbringer
   306 | D:1      | Reached * piety under Qazlal
  1145 | D:3      | Reached XP level 4. HP: 44/44 MP: 3/3
  1168 | D:2      | Slain by an orc

Illustrated notes

Levels and vault maps discovered:
D:1:      minmay_arrival_stair_chambers, layout_rooms,
          dreamdust_ecumenical_altar_angels_and_demons
D:2:      layout_loops_ring, kennysheep_donut
D:3:      layout_basic, serial_shops, nicolae_shop_bloodbath_and_beyond,
          uniq_robin, uniq_jessica

Skill      XL: |  1  2  3 |
---------------+----------+-----
Shields        | 3 |  3.2
Unarmed Combat | 3 |  3.4
Fighting       | |  2.9
Dodging        | |  2.4

Action                     |  1- 3 |  4- 6 || total
---------------------------+-------+-------++-------
  Melee: Unarmed           |   130 |    11 ||   141
    Use: Potion            |     1 |     2 ||     3
 Armour: Robe              |    77 |    29 ||   106
  Dodge: Dodged            |    46 |     6 ||    52
  Block: Kite shield       |    54 |    11 ||    65
